 Dungeon Crawl Stone Soup version 0.25.0-9-g26727b657a (webtiles) character file.

Game seed: 12281358696988433959

100 HoaS the Ruffian (level 4, 0/43 HPs)
             Began as a Gargoyle Berserker on June 21, 2020.
             Was a Believer of Trog.
             Slain by a gnoll
             ... wielding a +0 halberd
              (11 damage)
             ... on level 3 of the Dungeon.
             The game lasted 00:05:24 (1890 turns).

HoaS the Ruffian (Gargoyle Berserker)               Turns: 1890, Time: 00:05:25

Health: 0/43       AC:  9    Str: 21    XL:     4   Next: 73%
Magic:  4/4        EV: 11    Int:  8    God:    Trog [**....]
Gold:   114        SH:  0    Dex:  9    Spells: 3/3 levels left

rFire    . . .     SeeInvis .     - Unarmed
rCold    . . .     Gourm    .   (no shield)
rNeg     + . .     Faith    .   j - +0 ring mail (curse)
rPois    ∞         Spirit   .   (no helmet)
rElec    +         Reflect  .   (no cloak)
rCorr    .         Harm     .   (no gloves)
MR       .....                  (no boots)
Stlth    ..........             (no amulet)
HPRegen  0.14/turn              (no ring)
MPRegen  0.09/turn              (no ring)

@: berserking, very quick
A: negative energy resistance 1, electricity resistance, unbreathing,
petrification resistance, rot immunity, AC +3
a: Berserk, Trog's Hand, Renounce Religion


You were on level 3 of the Dungeon.
You worshipped Trog.
Trog was pleased with you.
You were very hungry.

You visited 1 branch of the dungeon, and saw 3 of its levels.

You collected 114 gold pieces.

Inventory:

Armour
 j - a cursed +0 ring mail (worn)
Jewellery
 m - a cursed ring of attention {unknown}
 o - a cursed ring of ice {unknown}
Scrolls
 d - 4 scrolls of identify {unknown}
 f - 3 scrolls of teleportation {unknown}
 g - a scroll of noise {unknown}
 h - 2 scrolls of remove curse {unknown}
 n - a scroll of enchant weapon {unknown}
Potions
 a - a potion of stabbing {unknown}
 e - a potion of heal wounds {unknown}
 i - a potion of cancellation {unknown}
 k - a potion of brilliance {unknown}
 l - a potion of lignification {unknown}
Comestibles
 b - 6 rations
 c - 3 chunks of flesh


   Skills:
 + Level 4.2 Fighting
 - Level 2.1 Armour
 - Level 1.5 Dodging
 * Level 4.6 Unarmed Combat


You had 3 spell levels left.
You didn't know any spells.
Your spell library was empty.

Dungeon Overview and Level Annotations

Branches:
Dungeon (3/15)

Altars:

Annotations:
D:3 3 runed translucent doors, Asparus's ghost, amateur DEAE


Innate Abilities, Weirdness & Mutations

You are resistant to torment.
Your stone body is resilient. (AC +3)
You are immune to poison.
You resist negative energy. (rN+)
You are resistant to electric shocks. (rElec)
You can survive without breathing.
You are immune to petrification.
You are immune to rotting.


Message History

Some of the chunks of flesh in your inventory have rotted away.
A gnoll comes into view. It is wielding a -1 spear.
The gnoll shouts!
The gnoll shouts!
The gnoll barely misses you. The gnoll hits you with a +0 halberd!
The gnoll hits you from afar with a cursed -1 spear.
A red film seems to cover your vision as you go berserk!
You feel yourself moving faster!
You feel mighty!
You are feeling very hungry.
The gnoll hits you but does no damage. The gnoll barely misses you.
You feel a strong urge to attack something.
The gnoll barely misses you. x2
You barely miss the gnoll. The gnoll hits you with a +0 halberd.
You closely miss the gnoll. The gnoll hits you but does no damage.
The gnoll hits you from afar with a +0 halberd!
You hit the gnoll.
The gnoll is heavily wounded.
The gnoll hits you with a +0 halberd!
You die...

# ..## ##..##..................
#..##..... #.)................
#..#...=.Z #..................
#..#..... #............(.....
......Z### ##.......#####(..... #
....ZZW. #........# #(.....
###..#### ##......).# #......
..####..#####.........# ###......
..............+.@g....# #........
......#.......#g....[.###........
......#.....>##...g..............
......#...#####.................#
##............###...............#
...............................(#
..........................##....#
.:.......#.....................#.
........#..........#............


You could see 3 gnolls.

Vanquished Creatures
  3 adders
  2 oozes (D:1)
  An adder zombie (D:3)
  2 worms
  3 leopard geckos
  6 bats
  3 giant cockroaches
  6 goblins
  4 hobgoblins
  3 jackals (D:2)
  2 quokkas (D:2)
  A frilled lizard (D:2)
  10 kobolds
  7 rats
53 creatures vanquished.

Notes
Turn   | Place    | Note
-------+----------+-------------------------------------------
     0 | D:1      | HoaS the Gargoyle Berserker began the quest for the Orb.
     0 | D:1      | Reached XP level 1. HP: 14/14 MP: 1/1
   215 | D:1      | Reached XP level 2. HP: 15/19 MP: 2/2
   617 | D:1      | Reached XP level 3. HP: 22/24 MP: 3/3
  1055 | D:2      | Reached ** piety under Trog
  1319 | D:2      | Reached XP level 4. HP: 29/29 MP: 4/4
  1685 | D:3      | Found a runed translucent gate.
  1685 | D:3      | Found a runed translucent gate.
  1685 | D:3      | Found a runed translucent gate.
  1812 | D:3      | Noticed Asparus's ghost (amateur DEAE)
  1890 | D:3      | Slain by a gnoll

Illustrated notes

Levels and vault maps discovered:
D:1:      co_arrival_random_square_maze, layout_rooms
D:2:      layout_loops_cross
D:3:      layout_basic, first_ration, gammafunk_ghost_icy

Skill      XL: |  1  2  3 |
---------------+----------+-----
Unarmed Combat | 4 |  4.6
Fighting       | 4 |  4.2
Armour         | |  2.1
Dodging        | |  1.5

Action                   |  1- 3 |  4- 6 || total
-------------------------+-------+-------++-------
Melee: Unarmed           |   119 |   105 ||   224
       Punch             |     1 |       ||     1
Invok: Berserk           |       |     1 ||     1
  Eat: Chunk             |     1 |     2 ||     3
Armor: Animal skin       |    23 |       ||    23
       Ring mail         |    21 |    50 ||    71
Dodge: Dodged            |    59 |    64 ||   123
